 Dungeon Crawl Stone Soup version 0.17-a0-1510-gb3fb22e (webtiles) character file.

112618 Raurakos the Scorcher (level 16, -20/87 HPs)
             Began as a Deep Elf Fire Elementalist on July 9, 2015.
             Was the Champion of Vehumet.
             Demolished by B1inky's ghost (39 damage)
             ... on level 1 of the Snake Pit on July 11, 2015.
             The game lasted 04:27:07 (36062 turns).

Raurakos the Scorcher (Deep Elf Fire Elementalist) Turns: 36062, Time: 04:27:07

Health: -20/87     AC:  8    Str:  5    XL:     16   Next: 12%
Magic:  27/37      EV: 22    Int: 27    God:    Vehumet [******]
Gold:   909        SH:  0    Dex: 22    Spells: 13 memorised, 2 levels left

rFire  + + .     SeeInvis +     a - +1 scimitar (elec)
rCold  + . .     Clarity  .     J - +1 robe of Leg Wehe {rF++ rC+ Regen+ Dex+3}
rNeg   + . .     SustAt   .     (no shield)
rPois  +         Gourm    .     r - +0 hat
rElec  .         Spirit   .     y - +1 cloak "Fedaot" {Int+3}
rCorr  .         Warding  .     (no gloves)
rMut   +         Stasis   .     B - +2 pair of boots of the Assassin {DetectMon Stab+ Stlth++}
MR     +....                    P - amulet of resist mutation
Stlth  +++++.....               C - ring of see invisible
                                w - ring of positive energy

@: regenerating (expiring), repel missiles, somewhat resistant to hostile
enchantments, quite stealthy
A: horns 1, poison resistance
a: Renounce Religion


You were on level 1 of the Snake Pit.
You worshipped Vehumet.
Vehumet was exalted by your worship.
You were hungry.

You visited 5 branches of the dungeon, and saw 29 of its levels.
You visited 1 bazaar.
You also visited: Labyrinth and Ice Cave.

You collected 3122 gold pieces.
You spent 2213 gold pieces at shops.

Inventory:

Hand weapons
 a - a +1 scimitar of electrocution (weapon)
 b - a +2 long sword of holy wrath
 q - a +0 blowgun
Missiles
 u - 6 needles of paralysis
Armour
 r - a +0 hat (worn)
 y - the +1 cloak "Fedaot" (worn) {Int+3}
   (You found it on level 9 of the Dungeon)

   It affects your intelligence (+3).
 B - the +2 pair of boots of the Assassin (worn) {DetectMon Stab+ Stlth++}
   (You found it in a labyrinth)

   It makes you much more stealthy.
 J - the +1 robe of Leg Wehe (worn) {rF++ rC+ Regen+ Dex+3}
   (You found it on level 1 of the Lair of Beasts)

   It affects your dexterity (+3).
   It greatly protects you from fire.
   It protects you from cold.
   It increases your rate of regeneration.
Jewellery
 f - an uncursed ring of stealth
 w - a ring of positive energy (left hand)
 C - a ring of see invisible (right hand)
 P - an amulet of resist mutation (around neck)
 T - an uncursed ring of ice
Magical devices
 D - a wand of cold (10)
 I - a wand of heal wounds (7)
 L - a wand of digging (14)
 N - a wand of teleportation (2)
 V - a wand of paralysis (20)
 Y - a wand of draining (12)
Scrolls
 h - 5 scrolls of magic mapping
 m - 14 scrolls of remove curse
 p - 4 scrolls of recharging
 s - 11 scrolls of blinking
 t - 3 scrolls of fog
 v - 10 scrolls of teleportation
 G - 3 scrolls of identify
 M - a scroll of fear
Potions
 e - 9 potions of curing
 g - 5 potions of heal wounds
 l - a potion of might
 n - a potion of cure mutation
 o - 3 potions of agility
 x - 6 potions of brilliance
 z - a potion of magic
 F - 6 potions of cancellation
 H - 4 potions of invisibility
 O - a potion of flight
 Q - 3 potions of resistance
Miscellaneous
 S - a fan of gales
Comestibles
 c - 14 bread rations
 d - a meat ration


   Skills:
 - Level 5.0 Fighting
 - Level 10.0 Long Blades
   Level 4.9 Staves
 - Level 10.0 Dodging
 - Level 2.4 Stealth
 + Level 15.3 Spellcasting
 - Level 10.1 Conjurations
 - Level 12.0 Charms
 - Level 10.0 Necromancy
 - Level 5.1 Translocations
 - Level 16.0 Fire Magic
 - Level 5.0 Poison Magic


You had 2 spell levels left.
You knew the following spells:

 Your Spells              Type           Power        Failure   Level  Hunger
a - Flame Tongue          Conj/Fire      #####        0%          1    None
b - Throw Flame           Conj/Fire      ######       1%          2    None
c - Conjure Flame         Conj/Fire      ######..     1%          3    None
d - Sticky Flame          Conj/Fire      ######..     1%          4    None
e - Apportation           Tloc           #####.....   1%          1    None
f - Blink                 Tloc           N/A          1%          2    None
g - Repel Missiles        Chrm/Air       ######       1%          2    None
h - Fireball              Conj/Fire      ######....   1%          5    None
i - Sublimation of Blood  Necr           ######....   1%          2    None
j - Bolt of Fire          Conj/Fire      ######....   1%          6    ####...
k - Regeneration          Chrm/Necr      ######....   1%          3    None
l - Haste                 Chrm           ######..     3%          6    ####...
m - Poison Arrow          Conj/Pois      ######....   5%          6    ####...


Dungeon Overview and Level Annotations

Branches:
Dungeon (15/15)            Temple (1/1) D:4            Lair (8/8) D:8
 Shoals (0/4) Lair:3        Snake (1/4) Lair:6        Slime (0/6) Lair:8
    Orc (4/4) D:12            Elf (0/3) Orc:4        Vaults (0/5) D:14
 Depths (0/5) D:15

Altars:
Ashenzari
Cheibriados
Dithmenos
Elyvilon
Fedhas
Gozag
Kikubaaqudgha
Makhleb
Nemelex Xobeh
Okawaru
Qazlal
Ru
Sif Muna
Trog
Vehumet
Xom
Yredelemnul
Zin
The Shining One
Jiyva

Shops:
D:4 =   D:10 =   D:12 (   D:14 [   Orc:4 :(*[

Annotations:
D:4 exclusion: crimson imp
Lair:8 exclusion: 4 doors
Snake:1 B1inky's ghost, powerful FeBe
Orc:4 Saint Roka


Innate Abilities, Weirdness & Mutations

You have a pair of small horns on your head.
Your system is resistant to poisons.


Message History

Aim: B1inky's ghost The sticky flame hits B1inky's ghost.
B1inky's ghost is lightly damaged.
B1inky's ghost misses you. B1inky's ghost misses you.
You miss B1inky's ghost. Your headbutt misses B1inky's ghost.
B1inky's ghost is lightly damaged.
You completely miss B1inky's ghost. Your headbutt misses B1inky's ghost.
B1inky's ghost is lightly damaged.
B1inky's ghost hits you!!
Casting: Sticky Flame
Confirm with . or Enter, or press ? or * to list all spells.
Your skin crawls.
Your skin is crawling a little less now.
B1inky's ghost hits you!!!
* * * LOW HITPOINT WARNING * * *
Casting: Regeneration
Confirm with . or Enter, or press ? or * to list all spells.
You blink.
B1inky's ghost hits you!!!
You die...

#.# #.# #.#
#)## #..#
##ยง# ##.###
#W...#
###@...###
#........#
#........# ..
#........# #.
#........#
#..
###....###
##..####....#
.......#.####
#.##.....###


You could see B1inky's ghost.

Vanquished Creatures
  Kirke (Lair:7)
  An orc warlord (Orc:3)
  A salamander stormcaller (D:14)
  Snorg (Lair:5)
  An ettin (Orc:4)
  A minotaur (Lab)
  Josephine (D:11)
  Fannar (Lair:2)
  7 hydras
  Harold (Lair:3)
  A catoblepas (Lair:8)
  An anaconda (Snake:1)
  An ogre mage (D:15)
  A rakshasa (D:15)
  5 centaur warriors
  Erica (Orc:1)
  A tengu warrior (D:15)
  4 orc high priests (Orc:4)
  11 death yaks
  Urug (Orc:1)
  Sonja (Lair:1)
  A skeletal warrior (D:14)
  A deep elf knight (D:14)
  An unseen horror (D:15)
  An ice statue (IceCv)
  6 ugly things
  A hill giant (D:15)
  A necromancer (Lair:7)
  3 griffons
  2 wizards
  5 oklob plants
  4 orc knights
  3 cyclopes
  3 orc sorcerers (Orc:4)
  A hornet (shapeshifter) (D:15)
  A manticore (D:14)
  A siren (Lair:3)
  A moth of wrath (shapeshifter) (D:15)
  Maurice (Orc:4)
  5 black mambas
  Psyche (D:10)
  A torpor snail (Lair:8)
  7 centaur skeletons
  4 gargoyles
  3 guardian serpents
  10 spiny frogs
  An efreet (D:14)
  A yaktaur (shapeshifter) (D:15)
  5 kobold demonologists
  6 yaktaurs (D:14)
  8 komodo dragons
  3 fire drakes
  6 trolls
  17 polar bears
  5 slime creatures (D:15)
  5 two-headed ogres
  3 boulder beetles
  13 blink frogs
  2 shadows
  5 deep elf magi
  Sigmund (D:6)
  4 wyverns
  A golden eye (shapeshifter) (D:15)
  61 yaks
  16 hippogriffs
  4 wraiths (D:11)
  A trapdoor spider (D:13)
  A human (D:7)
  3 basilisks
  Grum (D:11)
  4 hungry ghosts
  5 hogs
  23 wolves
  5 wargs
  Menkaure (D:4)
  2 deep elf fighters (D:14)
  4 vampire mosquitoes (D:13)
  7 nagas
  11 porcupines
  A mottled dragon (D:15)
  10 ice beasts
  29 orc warriors
  24 water moccasins
  5 sky beasts
  18 ogres
  A necrophage (D:9)
  A wasp (D:12)
  16 centaurs
  A black bear (D:7)
  An eye of draining (D:12)
  3 phantoms
  9 big kobolds
  4 boggarts (D:15)
  17 crocodiles
  Blork the orc (D:6)
  21 giant frogs
  A gnoll sergeant (D:8)
  2 wyvern skeletons
  3 scorpions
  4 wights (D:12)
  3 electric eels
  5 centaur zombies
  A giant frog skeleton (D:13)
  A quasit (D:12)
  10 crimson imps
  2 giant frog zombies
  19 orc priests
  9 jellies
  42 orc wizards
  6 hounds
  Jessica (D:2)
  5 yak simulacra (Lair:7)
  13 iguanas
  9 worker ants
  4 polar bear simulacra (Lair:7)
  21 sheep
  3 hound zombies
  2 worker ant zombies
  8 gnolls
  67 river rats
  7 shadow imps
  20 adders
  An ooze (D:6)
  4 worms
  2 adder skeletons
  6 giant geckos
  151 orcs
  4 ball pythons
  A bat zombie (D:6)
  3 giant cockroaches
  31 hobgoblins
  6 jackals
  34 kobolds
  5 quokkas
  21 bats
  A giant gecko zombie (D:8)
  4 giant newts
  14 goblins
  17 rats
  2 river rat simulacra (Lair:7)
  7 bushes
  4 fungi
  5 plants
1100 creatures vanquished.

Vanquished Creatures (others)
  2 bushes (Lair:7)
  67 fungi
  45 plants
114 creatures vanquished.

Grand Total: 1214 creatures vanquished

Notes
Turn   | Place    | Note
--------------------------------------------------------------
     0 | D:1      | Raurakos the Deep Elf Fire Elementalist began the quest for the Orb.
     0 | D:1      | Reached XP level 1. HP: 10/10 MP: 6/6
   168 | D:1      | Reached XP level 2. HP: 15/15 MP: 5/8
   234 | D:1      | Learned a level 2 spell: Throw Flame
   736 | D:2      | Reached skill level 4 in Fire Magic
   736 | D:2      | Reached XP level 3. HP: 19/19 MP: 5/9
   749 | D:2      | Found a shimmering altar of Xom.
   749 | D:2      | Found a burning altar of Makhleb.
   786 | D:2      | Learned a level 3 spell: Conjure Flame
   897 | D:2      | Found a white marble altar of Elyvilon.
  1003 | D:2      | Noticed Jessica
  1015 | D:2      | Killed Jessica
  1015 | D:2      | Reached XP level 4. HP: 18/24 MP: 0/10
  1578 | D:3      | Noticed a giant frog
  2000 | D:3      | Killed a giant frog
  2000 | D:3      | Reached skill level 5 in Fire Magic
  2000 | D:3      | Reached XP level 5. HP: 16/28 MP: 6/11
  2414 | D:3      | Learned a level 4 spell: Sticky Flame
  2751 | D:4      | Found a staircase to the Ecumenical Temple.
  2757 | D:4      | Reached skill level 5 in Conjurations
  2757 | D:4      | Reached XP level 6. HP: 32/32 MP: 8/12
  2762 | D:4      | Noticed Menkaure
  2778 | Temple   | Entered the Ecumenical Temple
  2887 | D:4      | Killed Menkaure
  2887 | D:4      | Reached skill level 6 in Fire Magic
  2968 | D:4      | Found an iron altar of Okawaru.
  3323 | D:4      | Found Ceappaf's Jewellery Shop.
  3354 | D:5      | Entered Level 5 of the Dungeon
  3360 | D:5      | Reached skill level 7 in Fire Magic
  3494 | D:5      | Reached XP level 7. HP: 36/36 MP: 1/13
  3768 | D:5      | Reached skill level 8 in Fire Magic
  3891 | D:5      | Found a shadowy altar of Dithmenos.
  4172 | D:5      | Reached skill level 9 in Fire Magic
  4544 | D:5      | Reached XP level 8. HP: 41/41 MP: 5/14
  4885 | D:5      | Found a snail-covered altar of Cheibriados.
  4979 | D:6      | Identified a +0 rod of inaccuracy (10/10) (You found it on level 6 of the Dungeon)
  5201 | D:7      | Reached skill level 10 in Fire Magic
  5557 | D:7      | Found a sacrificial altar of Ru.
  5577 | D:7      | Reached skill level 5 in Dodging
  5947 | D:6      | Reached skill level 5 in Spellcasting
  6057 | D:6      | Found a deep blue altar of Sif Muna.
  6059 | D:6      | Found a radiant altar of Vehumet.
  6059 | D:6      | Found an ancient bone altar of Kikubaaqudgha.
  6065 | D:6      | Identified Vehumet's Almanac of Conjuration
  6068 | D:6      | Became a worshipper of Vehumet
  6076 | D:6      | Identified Sif Muna's Grimoire of the Compass
  6079 | D:6      | Learned a level 1 spell: Apportation
  6086 | D:6      | Identified Kikubaaqudgha's Volume of Necromancy
  6156 | D:6      | Noticed Blork the orc
  6270 | D:6      | Killed Blork the orc
  6451 | D:6      | Reached XP level 9. HP: 43/45 MP: 13/21
  6458 | D:6      | Noticed Sigmund
  6472 | D:6      | Killed Sigmund
  6873 | D:6      | Acquired Vehumet's first power
  6873 | D:6      | Offered knowledge of Sandblast by Vehumet.
  7010 | D:7      | Learned a level 2 spell: Blink
  7013 | D:7      | Learned a level 2 spell: Repel Missiles
  7039 | D:7      | Gained mutation: You have a pair of small horns on your head. [potion of mutation]
  7039 | D:7      | Gained mutation: Your system is resistant to poisons. [potion of mutation]
  7398 | D:7      | Reached skill level 10 in Spellcasting
  7445 | D:7      | Reached skill level 1 in Staves
  7468 | D:7      | Offered knowledge of Throw Frost by Vehumet.
  7728 | D:8      | Found a stormy altar of Qazlal.
  7737 | D:8      | Found a blossoming altar of Fedhas.
  8063 | D:8      | Reached skill level 1 in Long Blades
  8128 | D:8      | Found a glowing silver altar of Zin.
  8365 | D:8      | Learned a level 5 spell: Fireball
  8386 | D:8      | Noticed a fire drake
  8458 | D:8      | Offered knowledge of Ignite Poison by Vehumet.
  8465 | D:8      | Acquired Vehumet's second power
  8479 | D:8      | Reached XP level 10. HP: 46/50 MP: 0/26
  8693 | D:8      | Killed a fire drake
  9045 | D:8      | Found a staircase to the Lair.
  9130 | Lair:1   | Entered Level 1 of the Lair of Beasts
  9167 | Lair:1   | Reached skill level 5 in Long Blades
  9176 | Lair:1   | Offered knowledge of Airstrike by Vehumet.
  9212 | Lair:1   | Found a frozen archway.
  9235 | Lair:1   | Noticed Sonja
  9323 | Lair:1   | Killed Sonja
  9380 | IceCv    | Entered an ice cave
  9750 | IceCv    | Acquired Vehumet's third power
 10034 | IceCv    | Reached XP level 11. HP: 47/54 MP: 24/27
 10583 | IceCv    | Reached skill level 10 in Long Blades
 11209 | IceCv    | Noticed an ice statue
 11219 | IceCv    | Offered knowledge of Fulminant Prism by Vehumet.
 11561 | IceCv    | Killed an ice statue
 12235 | IceCv    | Noticed a frost giant
 12235 | IceCv    | Noticed a death yak
 12275 | IceCv    | Killed a death yak
 12275 | IceCv    | Reached skill level 10 in Conjurations
 12448 | IceCv    | Identified the Almanac of Excruciating Heat (You found it in an ice cave)
 13239 | Lair:1   | Got a slimy robe
 13250 | Lair:1   | Identified the +1 robe of Leg Wehe {rF++ rC+ Regen+ Dex+3} (You found it on level 1 of the Lair of Beasts)
 13353 | D:7      | Noticed a cyclops
 13716 | Lair:1   | Learned a level 2 spell: Sublimation of Blood
 13745 | Lair:1   | Reached XP level 12. HP: 59/59 MP: 23/28
 13984 | Lair:2   | Noticed a six-headed hydra
 14000 | Lair:2   | Killed a six-headed hydra
 14000 | Lair:2   | Reached skill level 11 in Fire Magic
 14038 | Lair:2   | Reached skill level 1 in Fighting
 14706 | Lair:2   | Offered knowledge of Venom Bolt by Vehumet.
 14865 | Lair:2   | Noticed Fannar
 14889 | Lair:2   | Killed Fannar
 15040 | Lair:1   | Reached skill level 5 in Fighting
 15328 | Lair:3   | Noticed Harold
 15555 | Lair:3   | Found a staircase to the Shoals.
 15772 | Lair:3   | Found a staircase to the Snake Pit.
 16142 | Lair:3   | Killed Harold
 16589 | Lair:3   | Got a warped shortbow
 16590 | Lair:3   | Identified the +5 shortbow of Putrescence {velocity, MR+ Str+3 Stlth+} (You found it on level 3 of the Lair of Beasts)
 16921 | Lair:4   | Reached skill level 10 in Dodging
 17177 | Lair:4   | Reached skill level 1 in Necromancy
 17682 | Lair:5   | Noticed Snorg
 17712 | Lair:5   | Killed Snorg
 17712 | Lair:5   | Reached XP level 13. HP: 36/72 MP: 1/29
 18050 | Lair:5   | Offered knowledge of Iskenderun's Mystic Blast by Vehumet.
 18115 | Lair:5   | Reached skill level 5 in Necromancy
 18271 | Lair:5   | Reached skill level 1 in Translocations
 18822 | Lair:6   | Found a staircase to the Snake Pit.
 19019 | Lair:6   | Upgraded the game from 0.17-a0-1504-gb7d9117 to 0.17-a0-1508-ge7f3dc3
 19084 | Lair:6   | Reached skill level 5 in Translocations
 19627 | Lair:7   | Noticed Kirke
 19794 | Lair:6   | Reached skill level 12 in Fire Magic
 20466 | Lair:7   | Offered knowledge of Bolt of Fire by Vehumet.
 20846 | Lair:7   | Killed Kirke
 20846 | Lair:7   | Reached skill level 13 in Fire Magic
 21447 | Lair:7   | Reached skill level 14 in Fire Magic
 21829 | Lair:8   | Entered Level 8 of the Lair of Beasts
 21906 | Lair:7   | Learned a level 6 spell: Bolt of Fire
 22478 | Lair:7   | Offered knowledge of Bolt of Magma by Vehumet.
 22611 | Lair:7   | Reached XP level 14. HP: 62/78 MP: 9/30
 22888 | Lair:8   | Reached skill level 15 in Fire Magic
 23349 | Lair:8   | Found a staircase to the Slime Pits.
 23350 | Lair:8   | Found a viscous altar of Jiyva.
 25049 | D:9      | Offered knowledge of Delayed Fireball by Vehumet.
 25084 | D:9      | Got a spiked cloak
 25102 | D:8      | Identified the +1 cloak "Fedaot" {Int+3} (You found it on level 9 of the Dungeon)
 25350 | D:10     | Entered Level 10 of the Dungeon
 25777 | D:10     | Found Daeriq's Jewellery Shop.
 25796 | D:10     | Bought an uncursed amulet of resist mutation for 560 gold pieces
 26384 | D:10     | Reached skill level 10 in Necromancy
 26464 | D:11     | Noticed Grum
 26468 | D:11     | Killed Grum
 26471 | D:11     | Noticed Psyche
 26480 | D:10     | Killed Psyche
 26869 | D:11     | Noticed Josephine
 26881 | D:11     | Killed Josephine
 27746 | D:12     | Got a spiked chain mail
 27758 | D:12     | Identified the +5 chain mail "Vomish" {*Contam Dex+3} (You found it on level 12 of the Dungeon)
 27962 | D:12     | Found Walaih's Antique Weapon Boutique.
 28054 | D:12     | Found a staircase to the Orcish Mines.
 28364 | Orc:1    | Entered Level 1 of the Orcish Mines
 28366 | Orc:1    | Noticed Erica
 28372 | Orc:1    | Killed Erica
 28718 | Orc:2    | Offered knowledge of Freezing Cloud by Vehumet.
 28977 | Orc:1    | Noticed Urug
 28991 | Orc:1    | Killed Urug
 29750 | Orc:3    | Found a deep blue altar of Sif Muna.
 29768 | Orc:3    | Identified Sif Muna's Tome of Darkness (You found it on level 3 of the Orcish Mines)
 30118 | Orc:4    | Entered Level 4 of the Orcish Mines
 30118 | Orc:4    | Found a staircase to the Elven Halls.
 30149 | Orc:4    | Reached XP level 15. HP: 67/82 MP: 21/35
 30297 | Orc:4    | Noticed an orc warlord
 30360 | Orc:3    | Killed an orc warlord
 30546 | Orc:4    | Found Sases's Antique Armour Boutique.
 30573 | Orc:4    | Offered knowledge of Poison Arrow by Vehumet.
 30578 | Orc:4    | Bought a jewelled hat for 297 gold pieces
 30605 | Orc:4    | Identified the +2 hat of Notudd {rPois Int+2 Dex-4 Slay-3} (You bought it in a shop on level 4 of the Orcish Mines)
 30702 | Orc:4    | Reached skill level 15 in Spellcasting
 30815 | Orc:4    | Noticed Saint Roka
 31231 | Orc:4    | Found Utuny's General Store.
 31366 | Orc:4    | Bought a scroll of enchant armour for 120 gold pieces
 31382 | Orc:4    | Found Qorgh's Antique Weapon Shoppe.
 31522 | Orc:4    | Found Xuehozxo's Book Shop.
 31533 | Orc:4    | Bought a book of Battle for 440 gold pieces
 31537 | Orc:4    | Learned a level 3 spell: Regeneration
 31573 | Orc:4    | Noticed Maurice
 31586 | Orc:4    | Killed Maurice
 31977 | D:13     | Found a labyrinth entrance.
 31987 | D:13     | Found a flickering gateway to a bazaar.
 32002 | Bazaar   | Entered a bazaar
 32002 | Bazaar   | Found Leilaupn's Armour Shop.
 32014 | Bazaar   | Found Ihaaket's Book Boutique.
 32022 | Bazaar   | Found Saut Dyz's Magic Scroll Shoppe.
 32030 | Bazaar   | Bought a scroll of enchant armour for 52 gold pieces
 32030 | Bazaar   | Bought a scroll of enchant armour for 52 gold pieces
 32030 | Bazaar   | Bought a scroll of blinking for 52 gold pieces
 32030 | Bazaar   | Bought 3 scrolls of blinking for 157 gold pieces
 32031 | Bazaar   | Found Intitar's Magic Scroll Emporium.
 32039 | Bazaar   | Bought a scroll of enchant armour for 82 gold pieces
 32039 | Bazaar   | Bought a scroll of teleportation for 33 gold pieces
 32039 | Bazaar   | Bought a scroll of enchant weapon for 82 gold pieces
 32039 | Bazaar   | Bought 2 scrolls of teleportation for 66 gold pieces
 32039 | Bazaar   | Bought a scroll of brand weapon for 220 gold pieces
 32092 | Lab      | Entered a labyrinth
 32378 | Lab      | Identified the Incunabulum of Spatial Enhancements
 32419 | D:13     | Reached skill level 16 in Fire Magic
 32442 | D:13     | Learned a level 6 spell: Haste
 32944 | D:14     | Reached skill level 5 in Charms
 33044 | D:14     | Learned a level 6 spell: Poison Arrow
 33623 | D:14     | Found Laanizay's Armour Boutique.
 33710 | D:14     | Upgraded the game from 0.17-a0-1508-ge7f3dc3 to 0.17-a0-1510-gb3fb22e
 33814 | D:14     | Reached skill level 10 in Charms
 34102 | D:14     | Found a gate to the Vaults.
 34218 | D:15     | Entered Level 15 of the Dungeon
 35066 | D:15     | Reached skill level 1 in Poison Magic
 35158 | D:15     | Reached XP level 16. HP: 30/87 MP: 21/37
 35312 | D:15     | Offered knowledge of Lehudib's Crystal Spear by Vehumet.
 35312 | D:15     | Offered knowledge of Chain Lightning by Vehumet.
 35312 | D:15     | Offered knowledge of Tornado by Vehumet.
 35478 | D:15     | Reached skill level 5 in Poison Magic
 35513 | D:15     | Found a staircase to the Depths.
 35931 | Snake:1  | Entered Level 1 of the Snake Pit
 35992 | Snake:1  | Noticed B1inky's ghost (powerful FeBe)
 36062 | Snake:1  | Demolished by B1inky's ghost

Vault maps used:
D:1:      onia_arrival_mini_spirals
D:2:      amethyst_overflow_temple_binary, lemuel_crystal_altar,
          serial_bayou_ford_a, grunt_ministairs_7, uniq_jessica
D:4:      kennysheep_mini, temple_fountains, serial_shops,
          nicolae_shop_behind_doors, hangedman_glass_teeth, uniq_menkaure
D:5:      nicolae_dithmenos_shadow_blocks, basic_altar, first_bread,
          saegor_snake_ambush
D:6:      grunt_temple_overflow_magic_moments, uniq_sigmund, uniq_blork_the_orc
D:7:      nicolae_ru_sacrificial_ziggurat, grunt_livestock
D:8:      grunt_temple_overflow_forces_of_nature, zin_scriptorium,
          minmay_lair_entry_lava
D:10:     nrook_guardian_serpent_snake_passage, serial_bayou,
          serial_bayou_lake_a, serial_bayou_crossing, serial_bayou_pond_b,
          serial_bayou_pond_e, serial_shops, shop
D:11:     minivault_24, uniq_grum, uniq_psyche, uniq_josephine
D:12:     orc_0_dummy, serial_shops, shop_statue,
          nrook_guardian_serpent_ordinary
D:13:     serial_shops, bzr_entry_dummy, lab_entry_generic
D:14:     hangedman_vaults_entry_quadrant_bands, serial_shops,
          kennysheep_little_box
D:15:     gammafunk_enter_depths_forms, hangedman_abyss_or_decor_stagger,
          glass_columns_b
Temple:   nicolae_temple_great_sept
Lair:1:   portal_ice_cave_entry_ice_beasts, uniq_sonja
Lair:2:   uniq_fannar
Lair:3:   minmay_shoals_entry_lonely_mermaid, guppyfry_snake_entry_garden,
          serial_bayou_shore_a, uniq_harold
Lair:4:   dpeg_oklob_1, lemuel_fruit_tree
Lair:5:   serial_bayou_pond_e, beast_lair_carwin_3, infiniplex_staircase_pool_2,
          uniq_snorg
Lair:6:   guppyfry_snake_entry_island
Lair:7:   minmay_hedge_maze, eino_house_with_fridge, uniq_kirke
Lair:8:   evil_forest, slime_altar_1
Snake:1:  nicolae_coiled_stairwell_down
Orc:1:    uniq_erica, uniq_urug
Orc:3:    nicolae_orc_pool_cavern, led_sif_book
Orc:4:    grunt_orc_gardens, grunt_orc_garden, grunt_orc_garden,
          grunt_orc_garden, grunt_orc_garden, uniq_maurice, uniq_saint_roka
Lab:      nicolae_lab_dead_adventurers, labyrinth_skeletal_remains
Bazaar:   bazaar_kb_twisted_cavern
IceCv:    ice_cave_caverns_01

Action                   |  1- 3 |  4- 6 |  7- 9 | 10-12 | 13-15 | 16-18 || total
-------------------------+-------+-------+-------+-------+-------+-------++-------
Melee: Unarmed           |     2 |       |       |       |       |       ||     2
       Short sword       |       |    14 |    35 |       |       |       ||    49
       Dagger            |       |       |    10 |       |       |       ||    10
       Quarterstaff      |       |       |    17 |       |       |       ||    17
       Long sword        |       |       |     8 |    29 |   285 |       ||   322
       Quick blade       |       |       |       |       |    11 |       ||    11
       Scimitar          |       |       |       |       |   117 |    31 ||   148
 Cast: Flame Tongue      |    54 |    96 |   187 |   478 |   784 |     7 ||  1606
       Throw Flame       |     4 |    12 |    36 |    70 |   155 |     2 ||   279
       Conjure Flame     |       |     2 |     1 |    17 |    24 |       ||    44
       Sticky Flame      |       |     4 |    39 |   111 |   213 |    10 ||   377
       Fireball          |       |       |     6 |    10 |    70 |     1 ||    87
       Repel Missiles    |       |       |     2 |       |     3 |       ||     5
       Blink             |       |       |     1 |    24 |    64 |     5 ||    94
       Apportation       |       |       |       |    10 |    17 |       ||    27
       Sublimation of Bl |       |       |       |     4 |    98 |     6 ||   108
       Bolt of Fire      |       |       |       |       |   178 |    13 ||   191
       Poison Arrow      |       |       |       |       |    18 |    10 ||    28
       Regeneration      |       |       |       |       |    13 |     7 ||    20
Evoke: Rod               |       |       |     6 |       |       |       ||     6
       Wand              |       |       |       |     1 |       |       ||     1
  Use: Scroll            |       |       |    10 |     8 |    18 |       ||    36
       Potion            |       |       |     1 |       |       |       ||     1
 Stab: Sleeping          |       |     4 |     2 |       |    10 |     1 ||    17
       Distracted        |       |       |       |       |     1 |       ||     1
  Eat: Chunk             |       |     9 |    23 |    28 |    93 |     5 ||   158
       Pizza             |       |       |     1 |     1 |       |     1 ||     3
       Meat ration       |       |       |       |     1 |       |       ||     1
       Beef jerky        |       |       |       |       |     2 |       ||     2
       Bread ration      |       |       |       |       |     1 |       ||     1
